 Dungeon Crawl Stone Soup version 0.27-a0-819-g058290f16d (webtiles) character file.

Game seed: 6670590549466456354

4608 funkygono the Thaumaturge (level 10, -6/64 HPs)
             Began as a Djinni Fire Elementalist on Mar 29, 2021.
             Shot with a sling bullet by Joseph (9 damage)
             ... on level 8 of the Dungeon.
             The game lasted 00:20:10 (10980 turns).

funkygono the Thaumaturge (DjFE)                   Turns: 10980, Time: 00:20:11

Health: -6/64      AC: 13    Str:  7    XL:     10   Next: 42%
Gold:   378        EV: 11    Int: 21    God:
                   SH:  5    Dex: 13

rFire    + + .     SeeInvis .   l - +0 long sword (drain)
rCold    x . .     Faith    .   (no shield)
rNeg     . . .     Spirit   .   c - +2 ring mail {Will+}
rPois    ∞         Reflect  +   d - +1 helmet
rElec    .         Harm     .   (no cloak)
rCorr    .         Rampage  .   i - +1 pair of gloves
Will     ++...                  (boots unavailable)
Stlth    +.........             a - amulet of reflection
HPRegen  0.20/turn              (no ring)
MPRegen  0.00/turn              (no ring)

@: flying
A: fire resistance 2, cold vulnerability 1, float, innate caster, hp casting,
extra vitality 1
a: no special abilities


You were on level 8 of the Dungeon.
You visited 1 branch of the dungeon, and saw 8 of its levels.

You collected 378 gold pieces.

Inventory:

Hand Weapons
 f - a +0 dagger of electrocution
 l - a +0 long sword of draining (weapon)
Armour
 c - a +2 ring mail of willpower (worn)
 d - a +1 helmet (worn)
 g - a +0 leather armour of cold resistance
 i - a +1 pair of gloves (worn)
Magical Staves
 e - a staff of earth
 j - a staff of fire
Jewellery
 a - an amulet of reflection (around neck)
Wands
 q - a wand of acid (11)
 s - a wand of random effects (7)
Scrolls
 k - a scroll of vulnerability
 o - a scroll of blinking
 p - a scroll of teleportation
 u - 2 scrolls of identify
Potions
 b - 2 potions of curing
 h - a potion of resistance
 m - 2 potions of lignification
 n - 3 potions of brilliance
 r - a potion of flight {unknown}
 t - a potion of might
 v - a potion of heal wounds {unknown}


   Skills:
 + Level 2.1 Fighting
 + Level 0.1(2.0) Short Blades
 + Level 3.3 Long Blades
 * Level 6.7 Armour
 * Level 6.0 Dodging
 - Level 1.5 Stealth
 + Level 1.9 Shields
 * Level 9.7 Spellcasting


You had 2 spell levels left.
You knew the following spells:

 Your Spells              Type           Power      Damage    Failure   Level
a - Foxfire               Conj/Fire      100%       2x1d9     1%          1
b - Conjure Flame         Conj/Fire      51%        6-21      1%          3
c - Inner Flame           Hex/Fire       51%        N/A       1%          3
d - Sticky Flame          Conj/Fire      51%        2d7       3%          4
e - Fireball              Conj/Fire      25%        3d11      10%         5
f - Beastly Appendage     Tmut           100%       N/A       1%          1
g - Swiftness             Air            51%        N/A       1%          2
h - Confusing Touch       Hex            51%        N/A       1%          3
i - Passage of Golubria   Tloc           N/A        N/A       3%          4
Your spell library was empty.

Dungeon Overview and Level Annotations

Branches:
Dungeon (8/15)             Temple (0/1) D:6            Lair (0/6) D:8

Altars:
Elyvilon
Ru

Annotations:
D:8 Joseph


Innate Abilities, Weirdness & Mutations

You are immune to poison.
Your flesh is very heat resistant. (rF++)
You are vulnerable to cold. (rC-)
You float through the air rather than walking.
You learn spells naturally, not from books.
Your magical power is your life essence.
You have superior vitality. (+4 HP)


Message History

The foxfire hits Joseph but does no damage.
Joseph is moderately wounded.
Your foxfire dissipates!
The foxfire hits Joseph.
Joseph resists.
Joseph is moderately wounded.
Joseph tries to grin evilly.
Joseph unwields a +0 hunting sling.
Joseph wields a +0 quarterstaff.
Joseph hits you with a +0 quarterstaff!
Casting: Foxfire (safe; 1% risk of failure)
Confirm with . or Enter, or press ? or * to list all spells.
Aiming: Sticky Flame (dangerous; 3% risk of failure)
Press: ? - help, Shift-Dir - straight line, f - Joseph
Aim: Joseph, wielding a +0 quarterstaff, wearing a +0 leather armour and quivering sling bullets (moderately wounded, unusually resistant, 0% to evade)
The sticky flame hits Joseph.
Joseph resists.
Joseph is moderately wounded.
Joseph is covered in liquid flames!
Joseph burns!
Joseph barely misses you.
You riposte.
You barely miss Joseph.
Joseph is heavily wounded.
Casting: Sticky Flame (dangerous; 3% risk of failure)
Confirm with . or Enter, or press ? or * to list all spells.
You conjure some foxfire!
Joseph burns!
Joseph hits you with a +0 quarterstaff!
Unknown command.
Casting: Foxfire (safe; 1% risk of failure)
Confirm with . or Enter, or press ? or * to list all spells.
You conjure some foxfire!
* * * LOW HITPOINT WARNING * * *
Joseph burns!
The foxfire hits Joseph.
Joseph resists.
Joseph is heavily wounded.
The foxfire hits Joseph.
Joseph resists.
Joseph is heavily wounded.
Joseph hits you with a +0 quarterstaff!
* * * LOW HITPOINT WARNING * * *
Your foxfire dissipates!
Joseph burns!
The foxfire hits Joseph.
Joseph resists.
Joseph is severely wounded.
Joseph unwields a +0 quarterstaff.
Joseph wields a +0 hunting sling.
Joseph shoots a sling bullet.
The sling bullet hits you.
* * * LOW HITPOINT WARNING * * *
Joseph shoots a sling bullet.
The sling bullet hits you!
You die...

###............#####....####..##
.....##...............### ##..##
......##...........#### ##...
.......###...........# ###.
.......## ##.......### ##
........# #.....### #
........####....##
.........#.......##
................@.##
...........#....#.§###
.......P..........^..#
.................@...#
......................#
............♣.P........#
..♣...P...P....P.....#..#
#.P..♣...............##..
#...♣...>.P.........## #.


You could see Joseph (resistant, burning).

Vanquished Creatures
  The ghost of polve the Slasher, an amateur DsAK of Lugonu (D:5)
  5 yaks (D:8)
  A wyvern (D:7)
  A basilisk (D:8)
  4 water moccasins
  Purgy (D:4)
  An orc warrior (D:6)
  A sky beast (D:7)
  2 hornet zombies
  6 ogres
  The ghost of polve the Slasher, an amateur DsAK of Lugonu (D:3)
  4 centaurs
  2 phantoms
  A kobold brigand (D:7)
  A gnoll sergeant (D:7)
  A wyvern zombie (D:6)
  5 bullfrogs
  3 scorpions
  A water moccasin skeleton (D:7)
  4 orc priests
  A hound (D:5)
  2 centaur skeletons
  A jelly (D:5)
  2 bullfrog skeletons
  2 gnoll shamans
  An iguana (D:4)
  2 orc wizards
  A hound skeleton (D:4)
  A howler monkey zombie (D:8)
  Robin (D:1)
  16 gnolls
  A howler monkey skeleton (D:6)
  8 adders
  A white imp (D:7)
  3 worms
  2 dart slugs
  20 orcs
  4 bats
  4 endoplasms
  3 giant cockroaches
  13 goblins
  8 hobgoblins
  4 jackals (D:3)
  14 kobolds
  5 ball pythons
  4 frilled lizards
  7 rats
177 creatures vanquished.

Vanquished Creatures (collateral kills)
  A foxfire (D:8)
1 creature vanquished.

Vanquished Creatures (others)
  752 foxfires
  A fungus (D:8)
  10 plants (D:8)
763 creatures vanquished.

Grand Total: 941 creatures vanquished

Notes
Turn   | Place    | Note
-------+----------+-------------------------------------------
     0 | D:1      | funkygono the Djinni Fire Elementalist began the quest for
                  | the Orb.
     0 | D:1      | Reached XP level 1. HP: 15/15 MP: 0/0
   170 | D:1      | Reached skill level 3 in Spellcasting
   174 | D:1      | Reached XP level 2. HP: 19/21 MP: 0/0
   920 | D:1      | Reached XP level 3. HP: 23/25 MP: 0/0
   920 | D:1      | Learned a level 1 spell: Beastly Appendage
  1513 | D:2      | Found a white marble altar of Elyvilon.
  1596 | D:2      | Found a faded altar of an unknown god.
  1600 | D:2      | Reached XP level 4. HP: 28/31 MP: 0/0
  1600 | D:2      | Noticed Robin
  1876 | D:1      | Reached skill level 4 in Spellcasting
  1877 | D:1      | Killed Robin
  2434 | D:3      | Found a transporter.
  2454 | D:3      | Found a transporter.
  2455 | D:3      | Noticed polve's ghost (amateur DsAK)
  2457 | D:3      | Noticed an ogre
  2458 | D:3      | Noticed an ogre
  2471 | D:3      | Reached skill level 1 in Armour
  3193 | D:3      | Reached XP level 5. HP: 32/35 MP: 0/0
  3193 | D:3      | Learned a level 2 spell: Swiftness
  3240 | D:3      | Found a white marble altar of Elyvilon.
  3650 | D:4      | Noticed an ogre
  3661 | D:4      | Killed an ogre
  3705 | D:4      | Noticed Purgy
  3712 | D:4      | Killed Purgy
  3713 | D:4      | Reached skill level 5 in Spellcasting
  3713 | D:4      | Reached XP level 6. HP: 35/40 MP: 0/0
  4627 | D:4      | Reached XP level 7. HP: 24/46 MP: 0/0
  4627 | D:4      | Learned a level 3 spell: Confusing Touch
  5193 | D:5      | Entered Level 5 of the Dungeon
  5210 | D:5      | Reached skill level 1 in Long Blades
  5239 | D:5      | Found a large runed translucent door.
  5240 | D:5      | Found a large runed translucent door.
  5242 | D:5      | Noticed polve's ghost (amateur DsAK)
  5251 | D:5      | Reached skill level 6 in Spellcasting
  5506 | D:5      | Reached XP level 8. HP: 47/51 MP: 0/0
  5961 | D:5      | Killed polve's ghost
  5962 | D:5      | Reached skill level 1 in Fighting
  5962 | D:5      | Reached skill level 7 in Spellcasting
  6178 | D:3      | HP: 2/52 [polve's ghost (4)]
  6253 | D:3      | Killed polve's ghost
  6580 | D:6      | Found a staircase to the Ecumenical Temple.
  6946 | D:6      | Reached XP level 9. HP: 54/57 MP: 0/0
  6946 | D:6      | Learned a level 4 spell: Passage of Golubria
  7045 | D:6      | Reached skill level 5 in Armour
  7268 | D:6      | Reached skill level 8 in Spellcasting
  7422 | D:6      | Reached skill level 5 in Dodging
  7858 | D:6      | Found a sacrificial altar of Ru.
  8866 | D:7      | Reached skill level 1 in Shields
  9168 | D:7      | Reached skill level 9 in Spellcasting
  9617 | D:8      | Reached XP level 10. HP: 53/64 MP: 0/0
 10788 | D:8      | Found a staircase to the Lair.
 10967 | D:8      | Noticed Joseph
 10979 | D:8      | HP: 3/64 [Joseph/sling bullet (6)]
 10980 | D:8      | Shot with a sling bullet by Joseph

Illustrated notes

Levels and vault maps discovered:
D:1:      dpeg_arrival_orchard, layout_basic
D:2:      layout_loops_ring, marbit_many_paths,
          chequers_ecumenical_altar_simple, uniq_robin
D:3:      minmay_general_purpose_star, layout_loops_ring, gammafunk_ghost_smash,
          lemuel_tele_altar
D:4:      layout_basic, kennysheep_pointless_box, uniq_purgy
D:5:      layout_cave_pools, serial_glass, glass_columns_a, glass_columns_a,
          glass_columns_b, glass_columns_c, ebering_ghost_disaster_area
D:6:      layout_rooms, minmay_temple_entry_crystal_x,
          nicolae_ru_the_path_less_chosen
D:7:      layout_basic
D:8:      layout_cave_pods, minmay_lair_entry_grove, st_stairs_7, uniq_joseph

Skill      XL: |  1  2  3  4  5  6  7  8  9 10 |
---------------+-------------------------------+-----
Spellcasting   | 3 4 5 6 7 9 |  9.7
Armour         | 1 2 3 4 6 |  6.7
Dodging        | 3 4 5 6 |  6.0
Long Blades    | 1 2 3 |  3.3
Fighting       | 1 2 |  2.1
Shields        | 1 |  1.9
Short Blades   | |  0.1
Stealth        | |  1.5

Action                   |  1- 3 |  4- 6 |  7- 9 | 10-12 || total
-------------------------+-------+-------+-------+-------++-------
Melee: Dagger            |       |     5 |       |       ||     5
       Long sword        |       |     6 |    34 |     6 ||    46
 Cast: Foxfire           |    62 |    93 |   235 |    59 ||   449
       Conjure Flame     |     1 |     2 |       |       ||     3
       Swiftness         |       |     1 |       |       ||     1
       Sticky Flame      |       |       |     7 |     9 ||    16
       Passage of Golubr |       |       |     1 |       ||     1
       Inner Flame       |       |       |       |     2 ||     2
  Use: Scroll            |     1 |     9 |     6 |       ||    16
       Potion            |       |     1 |     1 |       ||     2
Armor: Leather armour    |     2 |    18 |       |       ||    20
       Ring mail         |       |       |    61 |    25 ||    86
Dodge: Dodged            |     6 |    45 |    63 |    24 ||   138
Block: Other             |       |       |    32 |    11 ||    43
       Reflection        |       |       |     3 |       ||     3
       Rpst.: Long sword |       |     6 |    18 |     6 ||    30

Table legend: (Time is in decaauts)
 A = Elapsed time spent in this place.
 B = Non-inter-level travel time spent in this place.
 C = Inter-level travel time spent in this place.
 D = Time resting spent in this place.
 E = Time spent auto-exploring this place.
 F = Levels seen in this place.
 G = Mean time per level.
                   A        B        C        D        E       F      G
               +--------+--------+--------+--------+--------+-----+--------+
         Total |  10998 |  10681 |    317 |    409 |   8683 |   8 | 1374.8 |
       Dungeon |  10998 |  10681 |    317 |    409 |   8683 |   8 | 1374.8 |
               +--------+--------+--------+--------+--------+-----+--------+

Top non-repeatable levels by time:
     D:7: 1974 daAuts
     D:3: 1816 daAuts
     D:6: 1421 daAuts
     D:4: 1401 daAuts
     D:1: 1244 daAuts
     D:2: 1165 daAuts
     D:8: 1026 daAuts
     D:5: 948 daAuts
